 Dungeon Crawl Stone Soup version 0.27.1-37-g7b29ead8ac (webtiles) character file.

Game seed: 8862769375459700194

96 tkbsonic5 the Sneak (level 4, -2/21 HPs)
             Began as a Vine Stalker Enchanter on July 11, 2023.
             Slain by Natasha (6 damage)
             ... on level 3 of the Dungeon.
             The game lasted 00:12:30 (3411 turns).

tkbsonic5 the Sneak (Vine Stalker Enchanter)        Turns: 3411, Time: 00:12:30

Health: -2/21      AC:  3    Str: 10    XL:     4   Next: 67%
Magic:  0/8        EV: 11    Int: 16    God:
Gold:   80         SH:  0    Dex: 15    Spells: 0/7 levels left

rFire    . . .     SeeInvis .   f - +0 quarterstaff
rCold    + . .     Faith    .   (shield currently unavailable)
rNeg     . . .     Spirit   +   j - +0 leather armour
rPois    .         Reflect  .   (no helmet)
rElec    .         Harm     .   (no cloak)
rCorr    .         Rampage  .   (no gloves)
Will     .....                  (no boots)
Stlth    ++........             (no amulet)
HPRegen  1.07/turn              p - ring of protection from cold
MPRegen  0.11/turn              (no ring)

@: hasted, very quick
A: fangs 2, regeneration 1, magic shield, antimagic bite, no potion heal 2
a: no special abilities


You were on level 3 of the Dungeon.
You visited 1 branch of the dungeon, and saw 3 of its levels.

You collected 80 gold pieces.

Inventory:

Hand Weapons
 a - a +1 dagger
 d - a +0 short sword
 f - a +0 quarterstaff (weapon)
 g - a +0 long sword
Missiles
 l - 34 bolts
Armour
 b - a +0 robe
 j - a +0 leather armour (worn)
Magical Staves
 c - a staff of cold
Jewellery
 p - a ring of protection from cold (left hand)
Scrolls
 e - 2 scrolls of noise {unknown}
 k - 2 scrolls of fog {unknown}
 m - a scroll of enchant weapon {unknown}
 o - a scroll of identify
Potions
 h - 3 potions of flight
 n - a potion of berserk rage {unknown}


   Skills:
 * Level 0.7 Fighting
 + Level 1.9 Short Blades
 * Level 0.3 Staves
 * Level 1.7 Dodging
 * Level 4.3 Stealth
 + Level 2.3 Spellcasting
 * Level 3.4 Hexes
 * Level 1.6 Ice Magic


You couldn't memorise any spells.
You knew the following spells:

 Your Spells              Type           Power      Damage    Failure   Level
a - Corona                Hex            14%        N/A       7%          1
b - Freeze                Ice            28%        1d5       14%         1
c - Confusing Touch       Hex            13%        N/A       21%         3
d - Ensorcelled Hibernat  Hex/Ice        20%        N/A       14%         2

Your spell library contained the following spells:

 Spells                   Type           Power      Damage    Failure   Level
 Tukima's Dance           Hex            13%        N/A       21%         3
 Beastly Appendage        Tmut           2%         N/A       26%         1
 Wereblood                Tmut           1%         N/A       38%         2
 Dazzling Flash           Conj/Hex       14%        N/A       38%         3
 Frozen Ramparts          Ice            14%        1d3       38%         3
 Spider Form              Tmut/Pois      0%         N/A       63%         3
 Hailstorm                Conj/Ice       4%         3d4       89%         4


Dungeon Overview and Level Annotations

Branches:
Dungeon (3/15)

Altars:

Annotations:
D:3 Natasha


Innate Abilities, Weirdness & Mutations

You have extremely sharp teeth.
Your natural rate of healing is unusually fast.
When hurt, damage is shared between your health and your magic reserves.
Your bite disrupts and absorbs the magic of your enemies.
Potions cannot restore your health.


Message History

The hobgoblin hits you but does no damage.
You closely miss Natasha.
Natasha is severely wounded.
Natasha barely misses you.
The crimson imp hits you but does no damage.
The hobgoblin hits you but does no damage.
You hit Natasha.
Natasha is severely wounded.
Natasha claws you. The crimson imp closely misses you.
The hobgoblin hits you but does no damage.
You barely miss Natasha.
Natasha is severely wounded.
Natasha closely misses you. The crimson imp closely misses you.
The hobgoblin hits you but does no damage.
You completely miss Natasha.
Natasha is severely wounded.
Natasha claws you. The hobgoblin misses you.
The crimson imp hits you but does no damage.
You closely miss Natasha. Your bite misses Natasha.
Natasha is severely wounded.
You closely miss Natasha.
Natasha is severely wounded.
Natasha claws you. The crimson imp closely misses you. The hobgoblin hits you.
You barely miss Natasha. Your bite misses Natasha.
Natasha is severely wounded.
Natasha closely misses you. The crimson imp completely misses you.
The hobgoblin barely misses you.
You closely miss Natasha.
Natasha is severely wounded.
Natasha claws you.
The crimson imp blinks!
The hobgoblin barely misses you.
You hit Natasha but do no damage.
Natasha is severely wounded.
Natasha claws you.
* * * LOW HITPOINT WARNING * * *
The crimson imp blinks!
The hobgoblin hits you but does no damage.
You hit Natasha. You bite Natasha, but do no damage.
Natasha is severely wounded.
Natasha claws you!
You die...

#.#.##.#.#.##
#.....#...#
.#.##.#.#.#.##
##......###
#.##.#.###.#.###.....#.#
.##.#.##.##?#.##.....###
##.#.##.#.##.#.###.....#
#.#.##.#.#.##.#.###..###
.#.##.#(..#.##.#.##..#
#.##...!##.#.##g#h##.#
.#...#.##.#.##.#@##..#
#.#.#.##.#.##.#ยง##...#
##.#.##.#.##.#.###...#
.##.##.#.##.#5# #...#
#.###.#.##.#.# #...#
.#.#.#.##.#.# #...#
#.#.#.##.#.# ##).#
##.#.## .# #.># ##.##
####


You could see Natasha, a crimson imp (summoned) and a hobgoblin.

Vanquished Creatures
  5 adders
  An adder skeleton (D:2)
  A dart slug (D:1)
  8 bats
  3 endoplasms
  4 giant cockroaches
  4 hobgoblins
  4 jackals (D:2)
  6 kobolds
  2 ball pythons
  2 frilled lizards
  3 goblins (D:2)
  5 rats
48 creatures vanquished.

Notes
Turn   | Place    | Note
-------+----------+-------------------------------------------
     0 | D:1      | tkbsonic5 the Vine Stalker Enchanter began the quest for
                  | the Orb.
     0 | D:1      | Reached XP level 1. HP: 9/9 MP: 4/4
    51 | D:1      | Reached skill level 1 in Short Blades
    89 | D:1      | Learned a level 1 spell: Freeze
   248 | D:1      | Reached XP level 2. HP: 13/13 MP: 0/6
   706 | D:1      | Reached skill level 4 in Stealth
  1581 | D:1      | Found a faded altar of an unknown god.
  1667 | D:2      | Reached skill level 1 in Ice Magic
  1667 | D:2      | Reached XP level 3. HP: 15/16 MP: 0/7
  1687 | D:2      | Learned a level 3 spell: Confusing Touch
  2267 | D:2      | Gained mutation: Your natural rate of healing is unusually
                  | fast. [Vine Stalker growth]
  2267 | D:2      | Reached XP level 4. HP: 13/21 MP: 2/8
  3372 | D:3      | Learned a level 2 spell: Ensorcelled Hibernation
  3387 | D:3      | Noticed Natasha
  3411 | D:3      | Slain by Natasha

Illustrated notes

Levels and vault maps discovered:
D:1:      dpeg_arrival_simpleton_b, layout_loops_ring,
          shapermc_ecumenical_altar_mp_ritualfount,
          amcnicky_mini_rare_corridor_liquid
D:2:      layout_basic
D:3:      minmay_inner_zag, layout_basic, minmay_pentomino_pile, uniq_natasha

Skill      XL: |  1  2 |
---------------+-------+-----
Short Blades   | 1 |  1.9
Stealth        | 4 |  4.3
Ice Magic      | 1 |  1.6
Fighting       | |  0.7
Staves         | |  0.3
Dodging        | |  1.7
Spellcasting   | |  2.3
Hexes          | |  3.4

Action                   |  1- 3 |  4- 6 || total
-------------------------+-------+-------++-------
Melee: Dagger            |    61 |    26 ||    87
       Bite              |    23 |     8 ||    31
       Quarterstaff      |    20 |    15 ||    35
       Long sword        |     5 |       ||     5
 Cast: Freeze            |    21 |     7 ||    28
       Corona            |     9 |     9 ||    18
       Confusing Touch   |     6 |     1 ||     7
  Use: Potion            |     2 |     1 ||     3
       Scroll            |     2 |       ||     2
 Stab: Sleeping          |     5 |     1 ||     6
       Confused          |     1 |     1 ||     2
Armor: Robe              |    30 |       ||    30
       Leather armour    |       |    11 ||    11
Dodge: Dodged            |    74 |    40 ||   114
       Rpst.: Long sword |     1 |       ||     1
